 Seeded DCSS version 0.29-a0-1033-gb6c65ffae6 (webtiles) character file.

Game seed: 20220814 (custom seed)

327 purpskrrrp the Shooter (level 6, 0/37 HPs)
             Began as a Tengu Hunter on Aug 14, 2022.
             Slain by a gnoll sergeant
             ... wielding a +0 spear
              (4 damage)
             ... on level 4 of the Dungeon.
             The game lasted 00:08:23 (3450 turns).

purpskrrrp the Shooter (Tengu Hunter)               Turns: 3450, Time: 00:08:24

Health: 0/37       AC:  4    Str: 12    XL:     6   Next: 50%
Magic:  7/7        EV: 16    Int:  9    God:
Gold:   174        SH:  0    Dex: 19    Spells: 5/5 levels left

rFire   + . .      SeeInvis .   i - +5 sling (vorpal)
rCold   . . .      Faith    .   (no shield)
rNeg    . . .      Spirit   .   f - +2 robe {rF+}
rPois   .          Reflect  .   (helmet restricted)
rElec   .          Harm     .   (no cloak)
rCorr   .          Rampage  .   (no gloves)
Will    .....                   (boots unavailable)
Stlth   ++........              (no amulet)
HPRegen 0.12/turn               (no ring)
MPRegen 0.10/turn               (no ring)

@: about to teleport, flying quickly and evasively, quick
A: beak, talons 3, nimble flight
a: no special abilities


You were on level 4 of the Dungeon.
You visited 1 branch of the dungeon, and saw 4 of its levels.

You collected 174 gold pieces.

Inventory:

Hand Weapons
 a - a +0 shortbow
 i - a +5 vorpal sling (weapon)
Missiles
 t - a throwing net
Armour
 c - a +0 leather armour
 f - a +2 robe of fire resistance (worn)
Jewellery
 r - an amulet of guardian spirit
Wands
 k - a wand of flame (20)
Scrolls
 b - 4 scrolls of immolation
 j - a scroll of vulnerability
 o - a scroll of fear {unknown}
 q - a scroll of enchant armour {unknown}
 s - a scroll of identify {unknown}
 u - a scroll of poison
Potions
 d - a potion of might {unknown}
 e - a potion of mutation {unknown}
 g - 3 potions of resistance {unknown}
 h - a potion of flight {unknown}
 l - a potion of magic {unknown}
 m - a potion of degeneration {unknown}
 n - a potion of cancellation {unknown}
 v - a potion of ambrosia {unknown}


   Skills:
 - Level 3.1 Fighting
 + Level 6.8 Ranged Weapons
 - Level 3.4 Dodging
 - Level 2.7 Stealth


You had 5 spell levels left.
You didn't know any spells.
Your spell library contained the following spells:

 Spells                   Type           Power      Damage    Failure   Level
 Slow                     Hex            0%         N/A       38%         1
 Call Canine Familiar     Summ           0%         N/A       77%         3
 Confusing Touch          Hex            0%         N/A       77%         3
 Conjure Flame            Conj/Fire      0%         6-21      77%         3
 Ignite Poison            Fire/Tmut/Pois 0%         N/A       77%         3
 Portal Projectile        Hex/Tloc       0%         N/A       77%         3
 Vampiric Draining        Necr           0%         2d6       77%         3
 Leda's Liquefaction      Hex/Erth       0%         N/A       99%         4
 Sticky Flame             Conj/Fire      0%         2d3       99%         4


Dungeon Overview and Level Annotations

Branches:
Dungeon (4/15)
 Temple: D:4-7

Altars:
Elyvilon

Annotations:
D:4 1 runed translucent door, drugrobin's ghost, novice DgFi


Innate Abilities, Weirdness & Mutations

You have a beak for a mouth.
You have claws for feet.
Your magical nature lets you fly swiftly and evasively.


Message History

The gnoll sergeant misses you.
You shoot a sling bullet. The sling bullet hits the gnoll!
The gnoll is severely wounded.
The gnoll sergeant misses you. The gnoll hits you with a +0 club.
You shoot a sling bullet. The sling bullet hits the gnoll!
You kill the gnoll!
You hear a shout!
The gnoll sergeant hits you from afar with a +0 spear.
An adder comes into view.
You shoot a sling bullet.
The sling bullet closely misses the gnoll sergeant.
The adder hisses angrily.
The gnoll sergeant hits you from afar with a +0 spear.
You shoot a sling bullet.
The sling bullet hits the gnoll sergeant but does no damage.
The gnoll sergeant hits you from afar with a +0 spear!
You shoot a sling bullet.
The sling bullet barely misses the gnoll sergeant.
The sling bullet hits the adder!
You kill the adder!
The gnoll sergeant hits you from afar with a +0 spear.
You are too injured to fight recklessly!
You are too injured to fight recklessly!
You are too injured to fight recklessly!
Unknown command.
You are too injured to fight recklessly!
You are too injured to fight recklessly!
Fire: i) +5 sling (vorpal)
Press: ? - help, Shift-Dir - straight line, f/p - gnoll sergeant
Aim: a gnoll sergeant, wielding a +0 spear and wearing a +0 scale mail (74% to hit)
You shoot a sling bullet.
The sling bullet hits the gnoll sergeant!
The gnoll sergeant is moderately wounded.
The gnoll sergeant hits you from afar with a +0 spear!
* * * LOW HITPOINT WARNING * * *
A gnoll comes into view. It is wielding a +0 spear.
As you read the scroll of teleportation, it crumbles to dust.
You feel strangely unstable.
The gnoll sergeant hits you from afar with a +0 spear.
You die...

............ ....
.............. .... #..
........#.. †.. #.#
##......#
#.)###.######....### #
#...................
.##g#.g#)#.###.##.......
.......#................
#.w@.......##.....##
#..#...##.........#
#..................##
###.####...........) #.
########...... #. ....#
# .... .#.#


You could see a gnoll sergeant, a worm and a gnoll.

Vanquished Creatures
  A scorpion (D:4)
  Jessica (D:2)
  Robin (D:2)
  9 gnolls
  5 adders
  2 worms (D:3)
  2 dart slugs
  5 orcs
  8 endoplasms
  2 giant cockroaches (D:3)
  12 goblins
  7 hobgoblins
  2 jackals (D:2)
  3 quokkas
  7 ball pythons
  5 bats
  4 frilled lizards
  8 kobolds
  4 rats
88 creatures vanquished.

Notes
Turn   | Place    | Note
-------+----------+-------------------------------------------
     0 | D:1      | purpskrrrp the Tengu Hunter began the quest for the Orb.
     0 | D:1      | Reached XP level 1. HP: 12/12 MP: 2/2
   149 | D:1      | Reached XP level 2. HP: 10/17 MP: 3/3
  1081 | D:2      | Reached XP level 3. HP: 22/22 MP: 4/4
  1086 | D:2      | Noticed Jessica
  1090 | D:2      | Killed Jessica
  1136 | D:2      | Noticed Robin
  1150 | D:2      | Reached XP level 4. HP: 17/27 MP: 5/5
  1159 | D:2      | Killed Robin
  1432 | D:2      | Reached skill level 5 in Ranged Weapons
  1705 | D:2      | Found a faded altar of an unknown god.
  2127 | D:3      | Found a white marble altar of Elyvilon.
  2131 | D:3      | Gained mutation: Your magical nature lets you fly swiftly
                  | and evasively. [Tengu growth]
  2131 | D:3      | Reached XP level 5. HP: 32/32 MP: 6/6
  3270 | D:4      | Noticed drugrobin's ghost (novice DgFi)
  3274 | D:4      | Found a runed translucent door.
  3295 | D:4      | Reached skill level 6 in Ranged Weapons
  3329 | D:4      | Reached XP level 6. HP: 32/37 MP: 7/7
  3450 | D:4      | Slain by a gnoll sergeant

Illustrated notes

Levels and vault maps discovered:
D:1:      dpeg_arrival_pits, layout_loops_ring
D:2:      layout_rooms, ebering_ecumenical_altar_hall, serial_glass,
          glass_columns_a, glass_columns_a, uniq_robin, uniq_jessica
D:3:      minmay_chambers_of_twos, layout_basic, elyvilon_altar_3
D:4:      layout_basic, hellmonk_ghost_happy_afterlife, uniq_pikel

Skill      XL: |  1  2  3  4  5 |
---------------+----------------+-----
Stealth        | 2 |  2.7
Dodging        | 3 |  3.4
Ranged Weapons | 5 6 |  6.8
Fighting       | 3 |  3.1

Action                   |  1- 3 |  4- 6 || total
-------------------------+-------+-------++-------
 Fire: Shortbow          |    39 |       ||    39
       Sling             |    20 |   136 ||   156
  Use: Scroll            |     2 |     6 ||     8
Armor: Robe              |     3 |    10 ||    13
Dodge: Dodged            |    15 |    32 ||    47

Table legend: (Time is in decaauts)
 A = Elapsed time spent in this place.
 B = Non-inter-level travel time spent in this place.
 C = Inter-level travel time spent in this place.
 D = Time resting spent in this place.
 E = Time spent auto-exploring this place.
 F = Levels seen in this place.
 G = Mean time per level.
                   A        B        C        D        E       F      G
               +--------+--------+--------+--------+--------+-----+--------+
         Total |   3396 |   3231 |    165 |    679 |   2079 |   4 |  849.0 |
       Dungeon |   3396 |   3231 |    165 |    679 |   2079 |   4 |  849.0 |
               +--------+--------+--------+--------+--------+-----+--------+

Top non-repeatable levels by time:
     D:3: 1312 daAuts
     D:1: 1087 daAuts
     D:2: 812 daAuts
     D:4: 183 daAuts
